 Dungeon Crawl Stone Soup version 0.21-a0-509-gecc5317 (webtiles) character file.

12383 tidbits the Thaumaturge (level 11, -2/83 HPs)
             Began as a Gnoll Earth Elementalist on Nov 29, 2017.
             Was a High Priest of Cheibriados.
             Slain by Rupert
             ... wielding a +2 great mace of crushing
              (3 damage)
             ... on level 12 of the Dungeon on Nov 30, 2017.
             The game lasted 00:56:44 (4023 turns).

tidbits the Thaumaturge (Gnoll Earth Elementalist)  Turns: 4023, Time: 00:56:46

Health: -2/83      AC: 20    Str: 25    XL:     11   Next: 92%
Magic:  1/23       EV: 21    Int: 33    God:    Cheibriados [*****.]
Gold:   605        SH:  0    Dex: 27    Spells: 5/26 levels left

rFire    + + .     SeeInvis +   a - +3 Elemental Staff {rElec rF++ rC++ MR++ AC+5}
rCold    + + .     Gourm    .   (no shield)
rNeg     . . .     Faith    .   B - +0 robe
rPois    .         Spirit   .   E - +2 helmet "Aplophuj" {rElec rCorr}
rElec    +         Reflect  .   C - +2 cloak {MR+}
rCorr    +         Harm     .   G - +1 pair of gloves
MR       +++..                  F - +0 pair of boots
Stlth    +++++.....             y - amulet "Laogomm" {+Rage Str+2}
HPRegen  0.23/turn              U - +3 ring of protection
MPRegen  0.18/turn              I - ring of see invisible

@: very slow
A: distributed training, fangs 1, strong nose
a: Bend Time, Temporal Distortion, Slouch, Step From Time, Renounce Religion,
Evoke Berserk Rage


You were on level 12 of the Dungeon.
You worshipped Cheibriados.
Cheibriados was extremely pleased with you.
You were very hungry.

You visited 3 branches of the dungeon, and saw 16 of its levels.
You also visited: Sewer.

You collected 922 gold pieces.
You spent 317 gold pieces at shops.

Inventory:

Hand Weapons
 a - the +3 Elemental Staff (weapon) {rElec rF++ rC++ MR++ AC+5}
   (You found it on level 4 of the Dungeon)

   It affects your AC (+5).
   It greatly protects you from fire.
   It greatly protects you from cold.
   It insulates you from electricity.
   It affects your resistance to hostile enchantments.
 b - a +1 hand axe of freezing
   (You found it on level 2 of the Dungeon)
 d - a +0 dagger of venom
   (You took it off a kobold on level 12 of the Dungeon)
 n - a +0 spear
 J - a +2 flail of protection
   (You took it off an orc on level 6 of the Dungeon)
 S - a +0 blowgun
Missiles
 f - 142 arrows
 x - 21 stones
 N - 29 bolts
 W - 10 poisoned needles
 Y - 8 javelins of returning (quivered)
Armour
 j - a +0 shield
 B - a +0 robe (worn)
 C - a +2 cloak of magic resistance (worn)
   (You took it off Crazy Yiuf on level 7 of the Dungeon)
 E - the +2 helmet "Aplophuj" (worn) {rElec rCorr}
   (You found it on level 11 of the Dungeon)

   It insulates you from electricity.
   It protects you from acid and corrosion.
 F - a +0 pair of boots (worn)
 G - a +1 pair of gloves (worn)
Jewellery
 i - an uncursed ring of fire
   (You found it on level 2 of the Dungeon)
 q - an uncursed ring of protection from cold
   (You found it on level 3 of the Dungeon)
 y - the amulet "Laogomm" (around neck) {+Rage Str+2}
   (You found it on level 5 of the Dungeon)

   [amulet of rage]

   It affects your strength (+2).
   It lets you go berserk.
 I - a ring of see invisible (right hand)
   (You found it on level 5 of the Dungeon)
 Q - an uncursed ring of protection from fire
   (You found it on level 7 of the Dungeon)
 U - a +3 ring of protection (left hand)
   (You found it on level 1 of the Dungeon)
Wands
 k - a wand of paralysis (1)
 t - a wand of disintegration (6)
Scrolls
 c - a scroll of random uselessness {unknown}
 h - 3 scrolls of teleportation {unknown}
 o - 3 scrolls of amnesia
 r - 6 scrolls of remove curse
 s - a scroll of enchant armour
 A - 4 scrolls of fear
 L - 4 scrolls of immolation
 M - 3 scrolls of magic mapping
 V - a scroll of noise {unknown}
 Z - a scroll of silence {unknown}
Potions
 g - 4 potions of curing
 l - 2 potions of lignification {unknown}
 p - a potion of cancellation {unknown}
 u - a potion of ambrosia
 w - 2 potions of flight
 z - 4 potions of brilliance
 H - 2 potions of might
 K - 3 potions of heal wounds
 O - 2 potions of agility
 T - a potion of invisibility
Books
 e - a book of Geomancy

   Spells                             Type                      Level
   a - Sandblast                      Earth                        1
   b - Passwall                       Transmutation/Earth          2
   c - Stone Arrow                    Conjuration/Earth            3
   d - Petrify                        Transmutation/Earth          4
   e - Lee's Rapid Deconstruction     Earth                        5
 v - a book of Callings
   (You found it on level 4 of the Dungeon)

   Spells                             Type                      Level
   a - Summon Small Mammal            Summoning                    1
   b - Call Imp                       Summoning                    2
   c - Call Canine Familiar           Summoning                    3
   d - Summon Guardian Golem          Hexes/Summoning              3
   e - Summon Lightning Spire         Summoning/Air                4
   f - Summon Ice Beast               Ice/Summoning                4
 R - a book of Cantrips
   (You found it on level 7 of the Dungeon)

   Spells                             Type                      Level
   a - Confusing Touch                Hexes                        1
   b - Animate Skeleton               Necromancy                   1
   c - Summon Small Mammal            Summoning                    1
   d - Apportation                    Translocation                1
Comestibles
 m - 4 royal jellies
 D - 6 bread rations
 P - 5 meat rations


   Skills:
 + Level 6.6 Fighting
 + Level 6.6 Short Blades
 + Level 6.6 Long Blades
 + Level 6.6 Axes
 + Level 6.6 Maces & Flails
 + Level 6.6 Polearms
 + Level 6.6 Staves
 + Level 6.6 Slings
 + Level 6.6 Bows
 + Level 6.6 Crossbows
 + Level 6.6 Throwing
 + Level 6.6 Armour
 + Level 8.1 Dodging
 + Level 7.9 Stealth
 + Level 6.6 Shields
 + Level 6.6 Unarmed Combat
 + Level 8.4 Spellcasting
 + Level 5.5 Conjurations
 + Level 5.5 Hexes
 + Level 5.5 Charms
 + Level 5.5 Summonings
 + Level 5.5 Necromancy
 + Level 5.5 Translocations
 + Level 5.9 Transmutations
 + Level 5.5 Fire Magic
 + Level 5.5 Ice Magic
 + Level 5.5 Air Magic
 + Level 7.8 Earth Magic
 + Level 5.5 Poison Magic
 + Level 7.2 Invocations
 + Level 6.6 Evocations


You had 5 spell levels left.
You knew the following spells:

 Your Spells              Type           Power        Failure   Level  Hunger
a - Sandblast             Erth           ######       1%          1    None
l - Lee's Rapid Deconstr  Erth           ######....   3%          5    ####...
n - Animate Skeleton      Necr           N/A          1%          1    None
p - Petrify               Tmut/Erth      ######..     1%          4    None
w - Passwall              Tmut/Erth      ######....   1%          2    None
z - Stone Arrow           Conj/Erth      ######       1%          3    None
A - Apportation           Tloc           ######       1%          1    None
L - Summon Lightning Spi  Summ/Air       ######..     3%          4    None


Dungeon Overview and Level Annotations

Branches:
Dungeon (13/15)            Temple (1/1) D:6             Orc (2/2) D:11
    Elf (0/3) Orc:2
   Lair: D:8-11      Vaults: D:13-14

Altars:
Ashenzari
Cheibriados
Fedhas
Gozag
Hepliaklqana
Makhleb
Nemelex Xobeh
Okawaru
Qazlal
Sif Muna
Trog
Wu Jian
Xom
Yredelemnul
Zin
The Shining One

Shops:
D:5 *   D:6 *   D:12 [

Annotations:
D:11 exclusion: gargoyle
D:12 Rupert


Innate Abilities, Weirdness & Mutations

Your experience applies equally to all skills.
You have very sharp teeth.
Your uncanny sense of smell can sniff out nearby items.


Message History

Casting: Sandblast
Confirm with . or Enter, or press ? or * to list all spells.
Which direction?
You begin to meditate on the wall.
You continue meditating on the rock. x2
You are feeling very hungry.
You finish merging with the rock.
Found 19 arrows.
You see here 19 arrows.
f - 142 arrows (gained 19)
Found 22 gold pieces.
Rupert the Wild comes into view.
He is wielding a great mace of crushing.
Casting: Passwall
Confirm with . or Enter, or press ? or * to list all spells.
Aiming: Summon Lightning Spire
Press: ? - help, Dir - move target cursor An electric hum fills the air.
Rupert shouts!
Casting: Summon Lightning Spire
Confirm with . or Enter, or press ? or * to list all spells.
Aiming: Petrify
Press: ? - help, Shift-Dir - straight line, f - Rupert
Aim: Rupert, wielding a great mace of crushing and wearing a ring mail (chance to defeat MR: 13%)
Okay, then.
Unknown command.
Press: ? - help, v - describe, . - travel
Here: Rupert, wielding a great mace of crushing and wearing a ring mail The floor.
Evoke which item? (* to show all) (? for menu, Esc to quit)
Okay, then.
Unknown command.
Casting: Petrify
Confirm with . or Enter, or press ? or * to list all spells.
Okay, then.
Okay, then.
Casting: Petrify
Confirm with . or Enter, or press ? or * to list all spells.
Aiming: Lee's Rapid Deconstruction
Press: ? - help, Dir - move target cursor The wall shatters!
The blast of rock fragments hits Rupert.
Rupert is lightly wounded.
Your lightning spire shoots out a bolt of lightning at Rupert!
The bolt of electricity hits Rupert.
Casting: Lee's Rapid Deconstruction
Confirm with . or Enter, or press ? or * to list all spells.
Aiming: Sandblast
Press: ? - help, Shift-Dir - straight line, f - Rupert
Aim: Rupert, wielding a great mace of crushing and wearing a ring mail (moderately wounded)
The blast of sand hits Rupert.
Rupert is heavily wounded.
x - 22 stones You hit Rupert.
You punch Rupert! Your bite misses Rupert.
Rupert is heavily wounded.
Rupert hits you with a great mace of crushing.
You hit Rupert. You bite Rupert, but do no damage.
Rupert is heavily wounded.
A volley of spikes appears from out of your range of vision.
The volley of spikes hits your lightning spire.
You hit Rupert. You crush Rupert.
Rupert is severely wounded.
Rupert roars madly and goes into a rage!
Rupert goes berserk!
A worker ant comes into view.
Casting: Sandblast
Confirm with . or Enter, or press ? or * to list all spells.
Aiming: Stone Arrow
Press: ? - help, Shift-Dir - straight line, f - worker ant, p - Rupert
Aim: a worker ant The stone arrow hits Rupert.
Rupert is almost dead.
Rupert hits you with a great mace of crushing!!!
* * * LOW HITPOINT WARNING * * *
The worker ant bites your lightning spire.
Rupert hits you with a great mace of crushing!
* * * LOW HITPOINT WARNING * * *
x2 A manticore comes into view.
Casting: Stone Arrow
Confirm with . or Enter, or press ? or * to list all spells.
Aiming: Stone Arrow
Press: ? - help, Shift-Dir - straight line, f - manticore, p - worker ant
Aim: a manticore The stone arrow hits Rupert.
Rupert is almost dead.
The worker ant bites your lightning spire but does no damage.
Rupert closely misses you.
Casting: Stone Arrow
Confirm with . or Enter, or press ? or * to list all spells.
You don't have enough magic to cast that spell.
Casting: Stone Arrow
Confirm with . or Enter, or press ? or * to list all spells.
Aiming: Sandblast
Press: ? - help, Shift-Dir - straight line, f/p - manticore
Aim: a manticore The blast of sand hits Rupert.
Rupert is almost dead.
x - 21 stones The worker ant bites your lightning spire but does no damage.
Rupert hits you with a great mace of crushing!!
* * * LOW HITPOINT WARNING * * *
You die...

#.... ..# ........ #..#
......... #$.# .........
. #..# ........
..########..######...###
........................
......8.................
....Ha@@................
##...#####...#########..
.... #...#.......... ..
#...#.......... .
#...#..#...#...
#...#...# #...#...
#.......# #...#...
#...#..#####...####
#...#)..........#


You could see Rupert (berserk), a manticore, a worker ant and a friendly
lightning spire.

Vanquished Creatures
  3 two-headed ogres
  The ghost of tidbits the Magician, a novice GnEE of Cheibriados (D:10)
  An orc knight (Orc:1)
  An orc sorcerer (Orc:1)
  A rime drake (shapeshifter) (D:12)
  2 trolls
  Prince Ribbit (D:7)
  A hippogriff (D:12)
  A vampire (D:10)
  A shadow (D:12)
  A wyvern (D:8)
  2 hogs (D:7)
  11 yaks
  A hungry ghost (D:13)
  A human (D:7)
  5 wargs
  7 orc warriors
  A black bear (D:8)
  2 ice beasts
  A sky beast (D:10)
  5 ogres
  A necrophage (D:12)
  3 centaurs
  A big kobold (D:12)
  3 bullfrogs
  A gnoll sergeant (D:5)
  3 scorpions
  14 killer bees
  3 wights (D:11)
  3 howler monkeys (D:7)
  A centaur zombie (D:7)
  A crimson imp (D:8)
  2 centaur skeletons
  4 hounds
  2 jellies
  5 orc priests
  A bullfrog skeleton (D:12)
  Crazy Yiuf (D:7)
  Jessica (D:3)
  3 orc wizards
  6 worker ants
  A hound skeleton (D:5)
  7 gnolls (D:5)
  9 adders
  5 river rats (Sewer)
  A shadow imp (D:7)
  3 oozes
  An adder zombie (D:7)
  2 worms
  3 leopard geckos
  25 orcs
  6 ball pythons (Sewer)
  A giant cockroach (D:2)
  7 goblins
  9 hobgoblins
  3 jackals (D:5)
  2 quokkas (D:8)
  2 bats
  A frilled lizard (D:4)
  A jackal zombie (D:7)
  18 kobolds
  3 leopard gecko skeletons
  21 rats
240 creatures vanquished.

Vanquished Creatures (collateral kills)
  5 yaks
  A warg (Orc:1)
  5 orc warriors
  3 killer bees (D:10)
  5 wights
  A crimson imp (D:9)
  An orc wizard (Orc:1)
  3 orcs (Orc:1)
  5 kobolds (D:12)
29 creatures vanquished.

Vanquished Creatures (others)
  6 fungi (D:8)
  5 plants (D:8)
11 creatures vanquished.

Grand Total: 280 creatures vanquished

Notes
Turn   | Place    | Note
-------+----------+-------------------------------------------
     0 | D:1      | tidbits the Gnoll Earth Elementalist began the quest for the Orb.
     0 | D:1      | Reached XP level 1. HP: 13/13 MP: 6/6
    92 | D:2      | Reached skill level 2 in Transmutations
    93 | D:2      | Reached XP level 2. HP: 19/19 MP: 3/7
   199 | D:2      | Learned a level 2 spell: Passwall
   225 | D:2      | Found a bloodstained altar of Trog.
   237 | D:2      | Reached skill level 5 in Spellcasting
   237 | D:2      | Reached XP level 3. HP: 25/25 MP: 3/9
   242 | D:2      | Learned a level 3 spell: Stone Arrow
   270 | D:2      | Reached skill level 1 in Invocations
   293 | D:2      | You fall through a shaft!
   337 | D:3      | Found a deep blue altar of Sif Muna.
   339 | D:3      | Found an iron altar of Okawaru.
   394 | D:3      | Reached skill level 1 in Fighting
   394 | D:3      | Reached skill level 1 in Short Blades
   394 | D:3      | Reached skill level 1 in Long Blades
   394 | D:3      | Reached skill level 1 in Axes
   394 | D:3      | Reached skill level 1 in Maces & Flails
   394 | D:3      | Reached skill level 1 in Polearms
   394 | D:3      | Reached skill level 1 in Staves
   394 | D:3      | Reached skill level 1 in Slings
   394 | D:3      | Reached skill level 1 in Bows
   394 | D:3      | Reached skill level 1 in Crossbows
   394 | D:3      | Reached skill level 1 in Throwing
   394 | D:3      | Reached skill level 1 in Armour
   394 | D:3      | Reached skill level 1 in Shields
   394 | D:3      | Reached skill level 1 in Unarmed Combat
   394 | D:3      | Reached skill level 1 in Evocations
   394 | D:3      | Reached XP level 4. HP: 32/32 MP: 7/11
   482 | D:3      | Noticed Jessica
   488 | D:3      | Killed Jessica
   508 | D:3      | Found a shattered altar of Ashenzari.
   566 | D:3      | Reached skill level 1 in Conjurations
   566 | D:3      | Reached skill level 1 in Hexes
   566 | D:3      | Reached skill level 1 in Charms
   566 | D:3      | Reached skill level 1 in Summonings
   566 | D:3      | Reached skill level 1 in Necromancy
   566 | D:3      | Reached skill level 1 in Translocations
   566 | D:3      | Reached skill level 1 in Fire Magic
   566 | D:3      | Reached skill level 1 in Ice Magic
   566 | D:3      | Reached skill level 1 in Air Magic
   566 | D:3      | Reached skill level 1 in Poison Magic
   602 | D:4      | Reached XP level 5. HP: 25/37 MP: 1/12
   609 | D:4      | Learned a level 4 spell: Petrify
   681 | D:4      | Found a shattered altar of Ashenzari.
   726 | D:4      | Found the +3 Elemental Staff {rElec rF++ rC++ MR++ AC+5}
   789 | D:5      | Entered Level 5 of the Dungeon
   805 | D:5      | Found Eqoddeyf's General Store.
   814 | D:5      | Bought a potion of curing for 30 gold pieces
   821 | D:5      | Got a wavering sapphire amulet
   822 | D:5      | Identified the amulet "Laogomm" {+Rage Str+2} (You found it on level 5 of the Dungeon)
   834 | D:6      | Found Wiwirchuc's Assorted Antiques.
   848 | D:6      | Bought a glowing inky potion for 19 gold pieces
   848 | D:6      | Bought a scroll labeled GUISEZYICE for 22 gold pieces
   848 | D:6      | Bought a scroll labeled GOUMIH DAA for 22 gold pieces
   848 | D:6      | Bought a scroll labeled OXZIJY GAYS for 22 gold pieces
   848 | D:6      | Bought a scroll labeled NUCWUGA BUYSHRY for 22 gold pieces
   857 | D:6      | Found a glowing drain.
   875 | Sewer    | Entered a sewer
   934 | Sewer    | Reached XP level 6. HP: 43/44 MP: 13/13
  1018 | Sewer    | Reached skill level 2 in Invocations
  1275 | D:6      | Reached skill level 5 in Dodging
  1306 | D:6      | Reached skill level 2 in Fighting
  1306 | D:6      | Reached skill level 2 in Short Blades
  1306 | D:6      | Reached skill level 2 in Long Blades
  1306 | D:6      | Reached skill level 2 in Axes
  1306 | D:6      | Reached skill level 2 in Maces & Flails
  1306 | D:6      | Reached skill level 2 in Polearms
  1306 | D:6      | Reached skill level 2 in Staves
  1306 | D:6      | Reached skill level 2 in Slings
  1306 | D:6      | Reached skill level 2 in Bows
  1306 | D:6      | Reached skill level 2 in Crossbows
  1306 | D:6      | Reached skill level 2 in Throwing
  1306 | D:6      | Reached skill level 2 in Armour
  1306 | D:6      | Reached skill level 2 in Shields
  1306 | D:6      | Reached skill level 2 in Unarmed Combat
  1306 | D:6      | Reached skill level 2 in Evocations
  1356 | D:5      | Noticed an ice beast
  1363 | D:5      | Killed an ice beast
  1363 | D:5      | Reached XP level 7. HP: 39/50 MP: 7/15
  1434 | D:5      | Reached skill level 2 in Conjurations
  1434 | D:5      | Reached skill level 2 in Hexes
  1434 | D:5      | Reached skill level 2 in Charms
  1434 | D:5      | Reached skill level 2 in Summonings
  1434 | D:5      | Reached skill level 2 in Necromancy
  1434 | D:5      | Reached skill level 2 in Translocations
  1434 | D:5      | Reached skill level 2 in Fire Magic
  1434 | D:5      | Reached skill level 2 in Ice Magic
  1434 | D:5      | Reached skill level 2 in Air Magic
  1434 | D:5      | Reached skill level 2 in Poison Magic
  1466 | D:5      | Reached skill level 3 in Transmutations
  1559 | D:5      | Reached skill level 5 in Stealth
  1642 | D:5      | Reached skill level 3 in Invocations
  1729 | D:6      | Found a blossoming altar of Fedhas.
  1730 | D:6      | Found a glowing golden altar of the Shining One.
  1733 | D:6      | Found a burning altar of Makhleb.
  1733 | D:6      | Found an opulent altar of Gozag.
  1778 | D:6      | Reached skill level 6 in Earth Magic
  1778 | D:6      | Reached XP level 8. HP: 57/57 MP: 7/16
  1841 | D:6      | Reached skill level 3 in Fighting
  1841 | D:6      | Reached skill level 3 in Short Blades
  1841 | D:6      | Reached skill level 3 in Long Blades
  1841 | D:6      | Reached skill level 3 in Axes
  1841 | D:6      | Reached skill level 3 in Maces & Flails
  1841 | D:6      | Reached skill level 3 in Polearms
  1841 | D:6      | Reached skill level 3 in Staves
  1841 | D:6      | Reached skill level 3 in Slings
  1841 | D:6      | Reached skill level 3 in Bows
  1841 | D:6      | Reached skill level 3 in Crossbows
  1841 | D:6      | Reached skill level 3 in Throwing
  1841 | D:6      | Reached skill level 3 in Armour
  1841 | D:6      | Reached skill level 3 in Shields
  1841 | D:6      | Reached skill level 3 in Unarmed Combat
  1841 | D:6      | Reached skill level 3 in Evocations
  1876 | D:6      | Found a staircase to the Ecumenical Temple.
  1886 | Temple   | Entered the Ecumenical Temple
  1964 | Temple   | Became a worshipper of Cheibriados the Contemplative
  2127 | D:7      | Found a runed door.
  2131 | D:7      | Noticed Crazy Yiuf
  2137 | D:7      | Killed Crazy Yiuf
  2185 | D:7      | Reached skill level 6 in Spellcasting
  2209 | D:7      | Noticed Prince Ribbit
  2220 | D:7      | Reached skill level 4 in Invocations
  2222 | D:7      | Reached * piety under Cheibriados
  2222 | D:7      | Reached skill level 3 in Conjurations
  2222 | D:7      | Reached skill level 3 in Hexes
  2222 | D:7      | Reached skill level 3 in Charms
  2222 | D:7      | Reached skill level 3 in Summonings
  2222 | D:7      | Reached skill level 3 in Necromancy
  2222 | D:7      | Reached skill level 3 in Translocations
  2222 | D:7      | Reached skill level 3 in Fire Magic
  2222 | D:7      | Reached skill level 3 in Ice Magic
  2222 | D:7      | Reached skill level 3 in Air Magic
  2222 | D:7      | Reached skill level 3 in Poison Magic
  2261 | D:7      | Killed Prince Ribbit
  2261 | D:7      | Reached skill level 6 in Dodging
  2261 | D:7      | Reached XP level 9. HP: 35/65 MP: 16/18
  2283 | D:7      | Reached skill level 4 in Fighting
  2283 | D:7      | Reached skill level 4 in Short Blades
  2283 | D:7      | Reached skill level 4 in Long Blades
  2283 | D:7      | Reached skill level 4 in Axes
  2283 | D:7      | Reached skill level 4 in Maces & Flails
  2283 | D:7      | Reached skill level 4 in Polearms
  2283 | D:7      | Reached skill level 4 in Staves
  2283 | D:7      | Reached skill level 4 in Slings
  2283 | D:7      | Reached skill level 4 in Bows
  2283 | D:7      | Reached skill level 4 in Crossbows
  2283 | D:7      | Reached skill level 4 in Throwing
  2283 | D:7      | Reached skill level 4 in Armour
  2283 | D:7      | Reached skill level 4 in Shields
  2283 | D:7      | Reached skill level 4 in Unarmed Combat
  2283 | D:7      | Reached skill level 4 in Transmutations
  2283 | D:7      | Reached skill level 4 in Evocations
  2296 | D:7      | Reached skill level 6 in Stealth
  2426 | D:7      | Learned a level 1 spell: Animate Skeleton
  2428 | D:7      | Learned a level 1 spell: Apportation
  2430 | D:7      | Found a stormy altar of Qazlal.
  2647 | D:8      | Found a shimmering altar of Xom.
  2648 | D:8      | Found a hazy altar of Hepliaklqana.
  2649 | D:8      | Noticed a spectral ugly thing
  2681 | D:8      | Noticed a two-headed ogre
  2683 | D:8      | Learned a level 5 spell: Lee's Rapid Deconstruction
  2685 | D:8      | Reached skill level 5 in Invocations
  2689 | D:8      | Reached ** piety under Cheibriados
  2690 | D:8      | Reached XP level 10. HP: 65/73 MP: 1/20
  2698 | D:8      | Killed a two-headed ogre
  2698 | D:8      | Reached skill level 7 in Spellcasting
  2698 | D:8      | Reached skill level 4 in Conjurations
  2698 | D:8      | Reached skill level 4 in Hexes
  2698 | D:8      | Reached skill level 4 in Charms
  2698 | D:8      | Reached skill level 4 in Summonings
  2698 | D:8      | Reached skill level 4 in Necromancy
  2698 | D:8      | Reached skill level 4 in Translocations
  2698 | D:8      | Reached skill level 4 in Fire Magic
  2698 | D:8      | Reached skill level 4 in Ice Magic
  2698 | D:8      | Reached skill level 4 in Air Magic
  2698 | D:8      | Reached skill level 4 in Poison Magic
  2700 | D:8      | Reached skill level 5 in Fighting
  2700 | D:8      | Reached skill level 5 in Short Blades
  2700 | D:8      | Reached skill level 5 in Long Blades
  2700 | D:8      | Reached skill level 5 in Axes
  2700 | D:8      | Reached skill level 5 in Maces & Flails
  2700 | D:8      | Reached skill level 5 in Polearms
  2700 | D:8      | Reached skill level 5 in Staves
  2700 | D:8      | Reached skill level 5 in Slings
  2700 | D:8      | Reached skill level 5 in Bows
  2700 | D:8      | Reached skill level 5 in Crossbows
  2700 | D:8      | Reached skill level 5 in Throwing
  2700 | D:8      | Reached skill level 5 in Armour
  2700 | D:8      | Reached skill level 5 in Shields
  2700 | D:8      | Reached skill level 5 in Unarmed Combat
  2700 | D:8      | Reached skill level 5 in Evocations
  2713 | D:8      | Reached skill level 7 in Earth Magic
  2795 | D:9      | Learned a level 4 spell: Summon Lightning Spire
  2813 | D:9      | Noticed a two-headed ogre
  2820 | D:9      | Killed a two-headed ogre
  2820 | D:9      | Reached skill level 7 in Dodging
  2848 | D:9      | Noticed a two-headed ogre
  2852 | D:9      | Killed a two-headed ogre
  2852 | D:9      | Reached skill level 5 in Transmutations
  2950 | D:9      | Reached skill level 6 in Invocations
  3029 | D:9      | Reached skill level 7 in Stealth
  3036 | D:10     | Entered Level 10 of the Dungeon
  3083 | D:10     | Found a sparkling altar of Nemelex Xobeh.
  3092 | D:10     | Reached *** piety under Cheibriados
  3220 | D:10     | Reached XP level 11. HP: 79/81 MP: 7/22
  3266 | D:10     | Noticed tidbits's ghost (novice GnEE)
  3274 | D:10     | Killed tidbits's ghost
  3371 | D:11     | Got a slimy helmet
  3383 | D:11     | Identified the +2 helmet "Aplophuj" {rElec rCorr} (You found it on level 11 of the Dungeon)
  3414 | D:11     | Found a staircase to the Orcish Mines.
  3430 | D:11     | Reached skill level 6 in Fighting
  3430 | D:11     | Reached skill level 6 in Short Blades
  3430 | D:11     | Reached skill level 6 in Long Blades
  3430 | D:11     | Reached skill level 6 in Axes
  3430 | D:11     | Reached skill level 6 in Maces & Flails
  3430 | D:11     | Reached skill level 6 in Polearms
  3430 | D:11     | Reached skill level 6 in Staves
  3430 | D:11     | Reached skill level 6 in Slings
  3430 | D:11     | Reached skill level 6 in Bows
  3430 | D:11     | Reached skill level 6 in Crossbows
  3430 | D:11     | Reached skill level 6 in Throwing
  3430 | D:11     | Reached skill level 6 in Armour
  3430 | D:11     | Reached skill level 6 in Shields
  3430 | D:11     | Reached skill level 6 in Unarmed Combat
  3430 | D:11     | Reached skill level 6 in Evocations
  3447 | D:11     | Reached skill level 5 in Conjurations
  3447 | D:11     | Reached skill level 5 in Hexes
  3447 | D:11     | Reached skill level 5 in Charms
  3447 | D:11     | Reached skill level 5 in Summonings
  3447 | D:11     | Reached skill level 5 in Necromancy
  3447 | D:11     | Reached skill level 5 in Translocations
  3447 | D:11     | Reached skill level 5 in Fire Magic
  3447 | D:11     | Reached skill level 5 in Ice Magic
  3447 | D:11     | Reached skill level 5 in Air Magic
  3447 | D:11     | Reached skill level 5 in Poison Magic
  3457 | D:11     | Reached skill level 8 in Spellcasting
  3478 | D:11     | Reached **** piety under Cheibriados
  3506 | Orc:1    | Entered Level 1 of the Orcish Mines
  3526 | Orc:1    | Noticed an orc sorcerer
  3531 | Orc:1    | Killed an orc sorcerer
  3607 | Orc:1    | Noticed an orc knight
  3622 | Orc:1    | Killed an orc knight
  3622 | Orc:1    | Reached skill level 7 in Invocations
  3690 | Orc:2    | Entered Level 2 of the Orcish Mines
  3690 | Orc:2    | Noticed an orc sorcerer
  3693 | Orc:2    | Noticed an orc warlord
  3694 | Orc:2    | Noticed a cyclops
  3731 | D:11     | Reached skill level 8 in Dodging
  3804 | D:11     | Reached ***** piety under Cheibriados
  3822 | D:12     | Found Nadigh's Antique Armour Emporium.
  3826 | D:12     | Bought a pair of runed gloves for 180 gold pieces
  4014 | D:12     | Noticed Rupert
  4022 | D:12     | Noticed a manticore
  4023 | D:12     | HP: 1/83 [Rupert/great mace of crushing (20)]
  4023 | D:12     | Slain by Rupert

Vault maps used:
D:1:      eino_arrival_cavern_a
D:2:      cheibrodos_greedy_goblins, lemuel_crystal_altar, uniq_natasha
D:3:      chequers_temple_overflow_statue_of_worship, first_bread,
          ashenzari_altar_1, uniq_jessica
D:4:      elyvilon_altar_4, marbit_many_paths, minmay_checkerbox
D:5:      serial_shops, kennysheep_mini
D:6:      grunt_temple_overflow_open, temple_doors_e,
          cheibrodos_sewer_entry_bend, serial_shops,
          nicolae_shop_overgrown_old_shop
D:7:      grunt_livestock, lemuel_tele_altar, uniq_prince_ribbit1,
          uniq_crazy_yiuf_cottage
D:8:      regret_index_temple_of_mockery, grunt_lair_entry_orc_guard_hut
D:9:      kennysheep_nub, grunt_ministairs_9, minmay_orc_keep
D:10:     basic_altar
D:11:     minmay_orc_entry_guard_dogs, serial_shops, shop
D:12:     serial_shops, nicolae_shop_statue_plus, uniq_nessos, uniq_rupert
D:13:     david_vaults_4
Temple:   minmay_temple_curvy_loop
Orc:2:    grunt_orc_community_town_hall, grunt_orc_community_big_house_1,
          grunt_orc_community_big_house_1, grunt_orc_community_house_1,
          grunt_orc_community_house_2, grunt_orc_community_house_2,
          grunt_orc_community_house_1, grunt_orc_community_house_3,
          statue_in_the_mist_lemuel
Sewer:    sewer_minmay_treatment

Skill      XL: |  1  2  3  4  5  6  7  8  9 10 11 |
---------------+----------------------------------+-----
Transmutations | 2 3 4 5 |  5.9
Spellcasting   | 5 6 7 8 |  8.4
Invocations    | 1 2 3 4 5 6 7 |  7.2
Fighting       | 1 2 3 4 5 6 |  6.6
Short Blades   | 1 2 3 4 5 6 |  6.6
Long Blades    | 1 2 3 4 5 6 |  6.6
Axes           | 1 2 3 4 5 6 |  6.6
Maces & Flails | 1 2 3 4 5 6 |  6.6
Polearms       | 1 2 3 4 5 6 |  6.6
Staves         | 1 2 3 4 5 6 |  6.6
Slings         | 1 2 3 4 5 6 |  6.6
Bows           | 1 2 3 4 5 6 |  6.6
Crossbows      | 1 2 3 4 5 6 |  6.6
Throwing       | 1 2 3 4 5 6 |  6.6
Armour         | 1 2 3 4 5 6 |  6.6
Shields        | 1 2 3 4 5 6 |  6.6
Unarmed Combat | 1 2 3 4 5 6 |  6.6
Evocations     | 1 2 3 4 5 6 |  6.6
Conjurations   | 1 2 3 4 5 |  5.5
Hexes          | 1 2 3 4 5 |  5.5
Charms         | 1 2 3 4 5 |  5.5
Summonings     | 1 2 3 4 5 |  5.5
Necromancy     | 1 2 3 4 5 |  5.5
Translocations | 1 2 3 4 5 |  5.5
Fire Magic     | 1 2 3 4 5 |  5.5
Ice Magic      | 1 2 3 4 5 |  5.5
Air Magic      | 1 2 3 4 5 |  5.5
Poison Magic   | 1 2 3 4 5 |  5.5
Dodging        | 5 6 7 8 |  8.1
Stealth        | 5 6 7 |  7.9
Earth Magic    | 6 7 |  7.8

Action                   |  1- 3 |  4- 6 |  7- 9 | 10-12 || total
-------------------------+-------+-------+-------+-------++-------
Melee: Spear             |     6 |       |       |       ||     6
       Hand axe          |    12 |    35 |       |       ||    47
       Staff             |       |    86 |    55 |   179 ||   320
       Bite              |       |     4 |     5 |    49 ||    58
       Punch             |       |     2 |     1 |     6 ||     9
Throw: Javelin           |       |       |       |    10 ||    10
 Cast: Sandblast         |    24 |    59 |    72 |    36 ||   191
       Passwall          |     1 |     7 |    12 |    11 ||    31
       Stone Arrow       |       |     1 |    14 |    21 ||    36
       Lee's Rapid Decon |       |       |     3 |     6 ||     9
       Animate Skeleton  |       |       |     1 |     6 ||     7
       Summon Lightning  |       |       |       |    18 ||    18
       Apportation       |       |       |       |    17 ||    17
       Petrify           |       |       |       |     4 ||     4
Evoke: Wand              |       |       |    20 |     3 ||    23
  Use: Scroll            |       |     2 |    10 |     4 ||    16
       Potion            |       |       |       |     2 ||     2
 Stab: Sleeping          |       |     2 |     2 |     3 ||     7
       Paralysed         |       |       |     9 |     3 ||    12
       Distracted        |       |       |       |     5 ||     5
       Petrified         |       |       |       |     5 ||     5
       Petrifying        |       |       |       |     3 ||     3
  Eat: Chunk             |       |     2 |     2 |     4 ||     8
       Royal jelly       |       |       |     1 |       ||     1
Armor: Robe              |    10 |    37 |    33 |    40 ||   120
Dodge: Dodged            |    12 |   158 |    78 |   188 ||   436

Table legend:
 A = Spawn XP
 B = Non-spawn XP
 C = Spawn XP percentage of total XP
 D = Spawn monster count
 E = Non-spawn monster count
 F = Spawn count percentage of total count
 G = Total turns spent on level
                    A         B        C        D         E        F      G
               +---------+---------+-------+---------+---------+-------+---------
         Total |       0 |   17691 |   0.0 |       0 |     269 |   0.0 |  4023
               +---------+---------+-------+---------+---------+-------+---------
           D:1 |       0 |       1 |   0.0 |       0 |       1 |   0.0 |    76
           D:2 |       0 |      64 |   0.0 |       0 |      18 |   0.0 |   242
           D:3 |       0 |      78 |   0.0 |       0 |      11 |   0.0 |   263
           D:4 |       0 |     123 |   0.0 |       0 |       7 |   0.0 |   208
           D:5 |       0 |     564 |   0.0 |       0 |      24 |   0.0 |   420
           D:6 |       0 |     594 |   0.0 |       0 |      16 |   0.0 |   407
           D:7 |       0 |    2202 |   0.0 |       0 |      26 |   0.0 |   427
           D:8 |       0 |    2272 |   0.0 |       0 |      24 |   0.0 |   228
           D:9 |       0 |    2069 |   0.0 |       0 |      12 |   0.0 |   287
          D:10 |       0 |    2641 |   0.0 |       0 |      18 |   0.0 |   236
          D:11 |       0 |    2441 |   0.0 |       0 |      22 |   0.0 |   319
          D:12 |       0 |    1278 |   0.0 |       0 |      15 |   0.0 |   159
          D:13 |       0 |     902 |   0.0 |       0 |       3 |   0.0 |    42
         Orc:1 |       0 |    2280 |   0.0 |       0 |      23 |   0.0 |   201
         Orc:2 |       0 |      43 |   0.0 |       0 |       1 |   0.0 |     7
         Sewer |       0 |     139 |   0.0 |       0 |      48 |   0.0 |   366
               +---------+---------+-------+---------+---------+-------+---------

Table legend:
 A = Turns spent in this place as a percentage of turns spent in the entire game.
 B = Non-inter-level travel turns spent in this place as a percentage of non-inter-level travel turns spent in the entire game.
 C = Inter-level travel turns spent in this place as a percentage of turns spent in this place.
 D = Turns resting spent in this place as a percentage of non-inter-level travel turns spent in this place.
 E = Turns spent auto-exploring this place as a percentage of non-inter-level travel turns spent in this place.
 F = Non-inter-level travel turns spent in this place divided by the number of levels of this place that you've seen.
                   A       B       C       D       E      F
               +-------+-------+-------+-------+-------+----------------------
         Total | 100.0 | 100.0 |   1.6 |   0.0 |   1.8 | 232.9
       Dungeon |  82.4 |  83.7 |   0.0 |   0.0 |   0.0 | 254.9
        Temple |   3.4 |   2.0 |  40.7 |   0.0 |  91.2 |  80.0
  Orcish Mines |   5.2 |   5.0 |   4.3 |   0.0 |   0.0 |  99.5
         Sewer |   9.1 |   9.2 |   0.0 |   0.0 |   0.0 | 366.0
               +-------+-------+-------+-------+-------+----------------------

Table legend:
 A = Kills in this place as a percentage of kills in entire the game.
 B = Kills by you in this place as a percentage of kills by you in the entire game.
 C = Kills by friends in this place as a percentage of kills by friends in the entire game.
 D = Other kills in this place as a percentage of other kills in the entire game.
 E = Experience gained in this place as a percentage of experience gained in the entire game.
 F = Experience gained in this place divided by the number of levels of this place that you have seen.
                   A       B       C       D       E      F
               +-------+-------+-------+-------+-------+----------------------
         Total | 100.0 | 100.0 | 100.0 |   N/A | 100.0 | 1040.6
       Dungeon |  73.2 |  73.8 |  69.0 |   N/A |  86.1 | 1171.5
  Orcish Mines |   8.9 |   6.2 |  31.0 |   N/A |  13.1 | 1161.5
         Sewer |  17.8 |  20.0 |   0.0 |   N/A |   0.8 | 139.0
               +-------+-------+-------+-------+-------+----------------------

Vault maps used:
D:1:      eino_arrival_cavern_a
D:2:      cheibrodos_greedy_goblins, lemuel_crystal_altar, uniq_natasha
D:3:      chequers_temple_overflow_statue_of_worship, first_bread,
          ashenzari_altar_1, uniq_jessica
D:4:      elyvilon_altar_4, marbit_many_paths, minmay_checkerbox
D:5:      serial_shops, kennysheep_mini
D:6:      grunt_temple_overflow_open, temple_doors_e,
          cheibrodos_sewer_entry_bend, serial_shops,
          nicolae_shop_overgrown_old_shop
D:7:      grunt_livestock, lemuel_tele_altar, uniq_prince_ribbit1,
          uniq_crazy_yiuf_cottage
D:8:      regret_index_temple_of_mockery, grunt_lair_entry_orc_guard_hut
D:9:      kennysheep_nub, grunt_ministairs_9, minmay_orc_keep
D:10:     basic_altar
D:11:     minmay_orc_entry_guard_dogs, serial_shops, shop
D:12:     serial_shops, nicolae_shop_statue_plus, uniq_nessos, uniq_rupert
D:13:     david_vaults_4
Temple:   minmay_temple_curvy_loop
Orc:2:    grunt_orc_community_town_hall, grunt_orc_community_big_house_1,
          grunt_orc_community_big_house_1, grunt_orc_community_house_1,
          grunt_orc_community_house_2, grunt_orc_community_house_2,
          grunt_orc_community_house_1, grunt_orc_community_house_3,
          statue_in_the_mist_lemuel
Sewer:    sewer_minmay_treatment
